AoeStats
← Mick 98

Four Lakes

509679292Analyzed
1v1 RM · 4d ago on Sep 27, 2026· 60m 57s· 2 players
Game mode
Random Map
Map size
Tiny (2 player)
Population
200
Speed
Normal
Resources
Standard
Victory
Conquest
Starting age
Dark Age
Ending age
Imperial Age
RankedLock teamsTeams togetherTeam positionsShared explorationLock speedFull tech treeHidden civsTurbo modeCheats
Victory
Defeat
🇩🇪 Persians · Germany
1272
+15
🇺🇸 Varangians · United States
1260
-15
domiNate32
6:56 Loom
13:34 Feudal Age
17:13 Castle Age
15:26 Double-Bit Axe
18:51 Medium Warships
21:58 Fishing Lines
24:08 Gillnets
24:42 Bow Saw
24:13 Horse Collar
25:32 Bloodlines
26:27 Husbandry
26:50 Forging
26:41 Scale Mail Armor
27:12 Fletching
28:34 Chain Mail Armor
28:32 Heavy Plow
29:37 Squires
29:23 Arson
31:07 Fletching
32:21 Chain Mail Armor
32:30 Bodkin Arrow
35:28 Iron Casting
39:57 Imperial Age
43:56 Blast Furnace
42:24 Light Cavalry
44:12 Conscription
43:52 Elite Varangian Guard
46:02 Chemistry
46:56 Scale Barding Armor
54:21 Plate Mail Armor
53:30 Hussar
59:03 Ballistics
Mick 98
11:53 Feudal Age
10:29 Loom
12:41 Double-Bit Axe
12:40 Horse Collar
20:37 Castle Age
19:47 Bloodlines
21:34 Husbandry
21:56 Gold Mining
22:24 Scale Barding Armor
25:31 Bow Saw
26:46 Town Watch
28:20 Chain Barding Armor
29:39 Stone Mining
35:01 Ballistics
35:29 Wheelbarrow
37:55 Imperial Age
37:47 Cavalier
39:14 Plate Barding Armor
38:50 Forging
41:04 Fletching
41:15 Padded Archer Armor
42:02 Crossbowman
42:47 Thumb Ring
42:45 Kamandaran
43:06 Conscription
44:58 Iron Casting
44:21 Bodkin Arrow
44:42 Leather Archer Armor
46:38 Chemistry
45:36 Light Cavalry
47:25 Hussar
49:55 Iron Casting
49:51 Ring Archer Armor
60:54 Heavy Camel Rider
Connection lost

Rejoining the realm…

Still unreachable

The connection could not be restored.

Session expired

The server has moved on; the page needs a fresh start.